 Dungeon Sprint DCSS version 0.23.1 (webtiles) character file.

Game seed: 16288070485304921063

7356585 nuthulu the Conqueror (level 23, 240/240 HPs)
             Began as a Minotaur Fighter on Mar 5, 2019.
             Was the Champion of Qazlal.
             Escaped with the Orb
             ... and 3 runes!
             The game lasted 00:35:12 (8515 turns).

nuthulu the Conqueror (Minotaur Fighter)            Turns: 8515, Time: 00:35:13

Health: 240/240    AC: 60    Str: 42    XL:     23   Next: 59%
Magic:  15/20      EV: 25    Int:  5    God:    Qazlal [******]
Gold:   179        SH: 44    Dex: 15    Spells: 76/76 levels left

rFire    + + +     SeeInvis .   v - +9 broad axe of the Special Lovers {antimagic, *Drain rN+ Dex+3}
rCold    + + +     Gourm    .   O - +0 large shield of Shadows and Fog {-Tele rPois rN+++ MP+9}
rNeg     + + +     Faith    .   b - +9 gold dragon scales
rPois    +         Spirit   .   u - +2 hat {MR+}
rElec    .         Reflect  +   t - +4 dragonskin cloak
rCorr    .         Harm     .   r - +2 pair of gloves {Str+3}
MR       ++...     NoTele   +   a - +4 pair of boots
Stlth    +.........             Z - amulet "Vionayfu" {Reflect +Fly rC+ Str+4 SH+6}
HPRegen  0.90/turn              X - ring "Roiceq" {rF+ AC+6}
MPRegen  0.17/turn              V - ring "Dop Hot" {rF+ rC+ Str+4}

@: hasted, repel missiles, very quick
A: retaliatory headbutt, horns 2, agile 1, regeneration 1
0: Orb of Zot
}: 3/3 runes: silver, golden, iron
a: Upheaval, Elemental Force, Disaster Area, Renounce Religion, Evoke Flight


You escaped.
You worshipped Qazlal.
Qazlal was exalted by your worship.
You were not hungry.

You visited 1 branch You collected 179 gold pieces.

Inventory:

Hand Weapons
 v - the +9 broad axe of the Special Lovers (weapon) {antimagic, *Drain rN+ Dex+3}
   (You found it in the Dungeon)

   It reduces the magical energy of the wielder, and disrupts the spells and
   magical abilities of those hit.
   Natural abilities and divine invocations are not affected.
   It affects your dexterity (+3).
   It protects you from negative energy.
   It causes draining when unequipped.
Armour
 a - a +4 pair of boots (worn)
 b - +9 gold dragon scales (worn)
 r - a +2 pair of gloves of strength (worn)
 t - the +4 dragonskin cloak (worn)
   (You took it off Tiamat in the Dungeon)
 u - a +2 hat of magic resistance (worn)
 G - a +1 pair of boots
 I - a +2 hat of intelligence
 O - the +0 large shield of Shadows and Fog (worn) {-Tele rPois rN+++ MP+9}
   (You found it in the Dungeon)

   It protects you from poison.
   It renders you almost immune to negative energy.
   It affects your magic capacity (+9).
   It prevents most forms of teleportation.
Jewellery
 c - a +6 ring of protection
 o - the ring "Paokirun" {+Fly rElec rC- AC-2 Dex+4}
   (You found it in the Dungeon)

   [ring of protection]

   It affects your AC (-2).
   It affects your dexterity (+4).
   It makes you vulnerable to cold.
   It insulates you from electricity.
   It lets you fly.
 p - a +3 ring of dexterity
 q - the amulet "Nidiamuo" {Gourm rF++ rC- SInv}
   (You found it in the Dungeon)

   [amulet of the gourmand]

   It allows you to eat raw meat even when not hungry.
   It greatly protects you from fire.
   It makes you vulnerable to cold.
   It lets you see invisible.
 s - a +3 ring of strength
 y - an uncursed amulet of regeneration
 A - an uncursed ring of ice
 H - an uncursed ring of wizardry
 L - an uncursed ring of wizardry
 M - a +6 ring of dexterity
 N - a +6 ring of protection
 P - a +3 ring of slaying
 Q - a +3 ring of protection
 S - the ring "Adizac" {Wiz rF++ Str+2 Slay-4 Stlth+}
   (You took it off a fire giant in the Dungeon)

   [ring of wizardry]

   It improves your spell success rate.
   It affects your strength (+2).
   It affects your accuracy and damage with ranged weapons and melee attacks
   (-4).
   It greatly protects you from fire.
   It makes you more stealthy.
 T - a +4 ring of intelligence
 U - the ring "Biprogh" {*Corrode rC+++ rN+++ Str+6 Dex-5}
   (You found it in the Dungeon)

   [ring of strength]

   It affects your strength (+6).
   It affects your dexterity (-5).
   It renders you almost immune to cold.
   It renders you almost immune to negative energy.
   It may corrode you when you take damage.
 V - the ring "Dop Hot" (right hand) {rF+ rC+ Str+4}
   (You found it in the Dungeon)

   [ring of protection from fire]

   It affects your strength (+4).
   It protects you from fire.
   It protects you from cold.
 W - the ring "Amoxt" {Wiz Int+5}
   (You found it in the Dungeon)

   [ring of wizardry]

   It improves your spell success rate.
   It affects your intelligence (+5).
 X - the ring "Roiceq" (left hand) {rF+ AC+6}
   (You found it in the Dungeon)

   [ring of protection]

   It affects your AC (+6).
   It protects you from fire.
 Y - the amulet "Halig" {Reflect rElec SH+3}
   (You found it in the Dungeon)

   [amulet of reflection]

   It shields you and reflects attacks.
   It insulates you from electricity.
   It affects your SH (+3).
 Z - the amulet "Vionayfu" (around neck) {Reflect +Fly rC+ Str+4 SH+6}
   (You found it in the Dungeon)

   [amulet of reflection]

   It shields you and reflects attacks.
   It affects your strength (+4).
   It protects you from cold.
   It lets you fly.
   It affects your SH (+6).
Wands
 R - a wand of enslavement (9)
Scrolls
 k - 4 scrolls of blinking
 m - 8 scrolls of remove curse
 n - 5 scrolls of amnesia
 C - 10 scrolls of identify
 E - 2 scrolls of fear
 J - a scroll of enchant armour
Potions
 e - 12 potions of curing
 g - 4 potions of heal wounds
 h - 2 potions of haste
 i - 3 potions of magic
 j - 5 potions of berserk rage
 l - a potion of invisibility
 w - 6 potions of brilliance
 x - 3 potions of mutation
 z - a potion of cancellation
 B - a potion of lignification
 D - a potion of agility
 K - 2 potions of resistance
Comestibles
 f - 13 rations


   Skills:
 O Level 27 Fighting
 O Level 27 Axes
 O Level 27 Throwing
 O Level 27 Armour
 O Level 27 Dodging
 O Level 27 Stealth
 O Level 27 Shields
 O Level 27 Unarmed Combat
 O Level 27 Spellcasting
   Level 14.3 Conjurations
 O Level 27 Invocations
 O Level 27 Evocations


You had 76 spell levels left.
You didn't know any spells.
Your spell library was empty.

Dungeon Overview and Level Annotations

Branches:
Dungeon (1/1)

Altars:
Ashenzari
Cheibriados
Dithmenos
Elyvilon
Fedhas
Gozag
Hepliaklqana
Kikubaaqudgha
Makhleb
Nemelex Xobeh
Okawaru
Qazlal
Ru
Sif Muna
Trog
Uskayaw
Vehumet
Wu Jian
Xom
Yredelemnul
Zin
The Shining One
Beogh
Jiyva
Lugonu


Innate Abilities, Weirdness & Mutations

You reflexively headbutt those who attack you in melee.
You have a pair of horns on your head.
You are agile. (Dex +2)
Your natural rate of healing is unusually fast.


Message History

The soul eater is flash-frozen.
The blast of ice hits the soul eater!!!
The soul eater partially resists.
You kill the soul eater!
The blast of ice hits Nydwal!!!
Nydwal partially resists.
Nydwal is almost dead.
The blast of ice hits Nydwal!!!
Nydwal partially resists.
You kill Nydwal!
Qazlal accepts your kill.
Unknown command.
Unknown command.
Unknown command.
Unknown command.
Unknown command.
Unknown command.
There is a huge open gate leading to the Armoury (Hard), spattered with blood here.
Why would you want to do that? Why would you want to do that?
There is an open door to the Entrance Hall (Safe) here.
There is a staircase leading out of the dungeon here.
You have escaped!

##########.##...............≈)(..
#...........'............≈.≈.').)
#'#####'#####......#..#...≈.)##..
#.#...).#..##................##..
#.#.....#))#####'#####''#########
#.###'###))##..○§...##''# ##### *
#.#.....#))##.....☼.##..###...###
#.#.....#..##.§...§.##..)##...##.
#.####÷##'###..☼@...###)))##.##..
#)#........##.○.§...# ##)........
#)#........##.§.....###.(###.###.
#'###########.......##))##.....##
#.......#..###########..'.......'
#..###..#.############..##.....##
#.......#.#....#....###..###'###.
##.###.##'#....#..[[# ##.........
#.....(.#.'....'..))#*#...##'##..


There were no monsters in sight!

Vanquished Creatures
  the Royal Jelly (D)
  Ignacio (D)
  Dissolution (D)
  Tiamat (D)
  Dispater (D)
  Mennas (D)
  An orb of fire (D)
  Mara (D)
  5 ancient liches (D)
  7 greater mummies (D)
  Boris (D)
  Margery (D)
  the Lernaean hydra (D)
  3 Killer Klowns (D)
  Frederick (D)
  2 curse toes (D)
  Nikola (D)
  7 pandemonium lords (D)
  3 golden dragons (D)
  Jory (D)
  2 profane servitors (D)
  8 pearl dragons (D)
  2 bone dragons (D)
  6 Brimstone Fiends (D)
  3 electric golems (D)
  4 hellephants (D)
  3 liches (D)
  3 Tzitzimimeh (D)
  Rupert (D)
  2 Ice Fiends (D)
  26 Orb Guardians (D)
  5 Hell Sentinels (D)
  3 tentacled monstrosities (D)
  2 deep elf blademasters (D)
  3 deep elf master archers (D)
  24 titans (D)
  A sphinx (D)
  Murray (D)
  8 acid blobs (D)
  A death cob (D)
  2 shadow dragons (D)
  An Executioner (D)
  6 storm dragons (D)
  9 azure jellies (D)
  3 draconian monks (D)
  A nagaraja (D)
  A daeva (D)
  19 frost giants (D)
  4 ghost moths (D)
  An iron dragon (D)
  10 fire giants (D)
  A deep elf sorcerer (D)
  An emperor scorpion (D)
  4 balrugs (D)
  A draconian shifter (D)
  Louise (D)
  2 cacodemons (D)
  4 orc warlords (D)
  2 draconian stormcallers (D)
  2 spriggan defenders (D)
  2 reapers (D)
  An ophan (D)
  4 war gargoyles (D)
  14 stone giants (D)
  3 black draconians (D)
  3 deep elf demonologists (D)
  Nessos (D)
  A purple draconian (D)
  2 yellow draconians (D)
  3 red draconians (D)
  4 deep elf annihilators (D)
  3 white draconians (D)
  5 blizzard demons (D)
  14 ettins (D)
  An eidolon (D)
  A mummy priest (D)
  3 yaktaur captains (D)
  A green death (D)
  6 deep elf death magi (D)
  2 deep elf high priests (D)
  An ogre mage (D)
  7 death oozes (D)
  2 fire dragons (D)
  A great orb of eyes (D)
  15 vault guards (D)
  A hell beast (D)
  4 naga warriors (D)
  2 ice dragons (D)
  2 centaur warriors (D)
  3 spriggan air magi (D)
  A catoblepas (D)
  2 death knights (D)
  A merfolk avatar (D)
  A two-headed ogre (D)
  A merfolk aquamancer (D)
  An anaconda (D)
  3 dancing weapons (D)
  A deep troll shaman (D)
  2 orc high priests (D)
  A vampire mage (D)
  A spriggan berserker (D)
  29 hell knights (D)
  2 iron trolls (D)
  3 sun demons (D)
  A soul eater (D)
  5 deep elf knights (D)
  2 spriggan druids (D)
  A swamp dragon (D)
  3 flayed ghosts (D)
  3 deep trolls (D)
  2 unseen horrors (D)
  11 wizards (D)
  13 orc knights (D)
  10 necromancers (D)
  2 orc sorcerers (D)
  3 deep elf magi (D)
  9 cyclopes (D)
  A wolf spider (D)
  A manticore (D)
  A shining eye (shapeshifter) (D)
  An ugly thing (D)
  A moth of wrath (D)
  A toenail golem (D)
  A black mamba (D)
  3 naga magi (D)
  A smoke demon (D)
  2 orange demons (D)
  A hellion (D)
  3 komodo dragons (D)
  A kobold demonologist (D)
  4 hellwings (D)
  4 yaktaurs (D)
  A tormentor (D)
  4 red devils (D)
  A jumping spider (shapeshifter) (D)
  An ice devil (D)
  2 wandering mushrooms (D)
  A troll (D)
  A bog body (D)
  2 hornets (D)
  2 blink frogs (D)
  A hippogriff (D)
  5 slime creatures (D)
  2 water elementals (D)
  A ynoxinul (D)
  2 fire elementals (D)
  A tarantella (shapeshifter) (D)
  9 humans (D)
  3 redbacks (D)
  13 yaks (D)
  2 tarantellas (D)
  2 vampires (D)
  A basilisk (D)
  A golden eye (D)
  A hungry ghost (D)
  3 neqoxecs (D)
  2 chaos spawn (D)
  A warg (D)
  A water moccasin (shapeshifter) (D)
  2 floating eyes (D)
  2 porcupines (D)
  6 orc warriors (D)
  4 eyes of draining (D)
  2 sky beasts (D)
  A black bear (D)
  14 wolves (D)
  2 ogres (D)
  A crocodile (D)
  2 big kobolds (D)
  A gnoll sergeant (D)
  2 earth elementals (D)
  A small abomination (D)
  A scorpion (D)
  3 wights (D)
  2 orc priests (D)
  An iguana (D)
  A hell rat (D)
  2 orc wizards (D)
  A mummy (D)
  4 gnolls (D)
  An adder skeleton (D)
  2 worms (D)
  2 leopard geckos (D)
  9 orcs (D)
  A bat zombie (D)
  3 hobgoblins (D)
  4 kobolds (D)
  A quokka (D)
  A ball python (D)
  A bat (D)
  A bat simulacrum (D)
  A jackal zombie (D)
  A quokka skeleton (D)
625 creatures vanquished.

Vanquished Creatures (collateral kills)
  A dire elephant (D)
  A deep elf mage (D)
2 creatures vanquished.

Vanquished Creatures (others)
  A water elemental (D)
  A wolf (D)
  A jelly (D)
  An orc wizard (D)
4 creatures vanquished.

Grand Total: 631 creatures vanquished

Notes
Turn   | Place    | Note
-------+----------+-------------------------------------------
     0 | D        | nuthulu the Minotaur Fighter began the quest for the Orb.
     0 | D        | Reached XP level 1. HP: 19/19 MP: 0/0
     8 | D        | Noticed a floating eye
    10 | D        | Killed a floating eye
    10 | D        | Reached skill level 5 in Axes
    10 | D        | Reached XP level 2. HP: 31/31 MP: 1/1
    10 | D        | Reached XP level 3. HP: 38/38 MP: 2/2
    10 | D        | Reached XP level 4. HP: 45/45 MP: 3/3
    14 | D        | Found a bloodstained altar of Trog.
    14 | D        | Found a deep blue altar of Sif Muna.
    14 | D        | Found a viscous altar of Jiyva.
    14 | D        | Found a hazy altar of Hepliaklqana.
    14 | D        | Found an opulent altar of Gozag.
    15 | D        | Found a glowing golden altar of the Shining One.
    15 | D        | Found a glowing silver altar of Zin.
    15 | D        | Found a basalt altar of Yredelemnul.
    15 | D        | Found a shimmering altar of Xom.
    15 | D        | Found an ornate altar of the Wu Jian Council.
    15 | D        | Found a sacrificial altar of Ru.
    15 | D        | Found a stormy altar of Qazlal.
    15 | D        | Found an iron altar of Okawaru.
    15 | D        | Found a sparkling altar of Nemelex Xobeh.
    15 | D        | Found a burning altar of Makhleb.
    15 | D        | Found a blossoming altar of Fedhas.
    15 | D        | Found a white marble altar of Elyvilon.
    15 | D        | Found a shadowy altar of Dithmenos.
    15 | D        | Found a snail-covered altar of Cheibriados.
    16 | D        | Found a radiant altar of Vehumet.
    16 | D        | Found a corrupted altar of Lugonu.
    16 | D        | Found a roughly hewn altar of Beogh.
    17 | D        | Found a hide-covered altar of Uskayaw.
    17 | D        | Found an ancient bone altar of Kikubaaqudgha.
    17 | D        | Found a shattered altar of Ashenzari.
    20 | D        | Became a worshipper of Qazlal Stormbringer
    66 | D        | Reached * piety under Qazlal
    75 | D        | Noticed a sky beast
    85 | D        | Killed a sky beast
    85 | D        | Reached XP level 5. HP: 44/52 MP: 3/6
    87 | D        | Reached ** piety under Qazlal
   192 | D        | Noticed a sky beast
   209 | D        | Noticed an orc warrior
   217 | D        | Reached *** piety under Qazlal
   228 | D        | Killed a sky beast
   228 | D        | Reached XP level 6. HP: 24/62 MP: 6/8
   243 | D        | Killed an orc warrior
   471 | D        | Reached **** piety under Qazlal
   479 | D        | Noticed a two-headed ogre
   484 | D        | HP: 3/62 [two-headed ogre/cursed -3 giant club (21)]
   485 | D        | Killed a two-headed ogre
   485 | D        | Reached skill level 10 in Fighting
   485 | D        | Reached skill level 10 in Axes
   485 | D        | Reached skill level 10 in Armour
   485 | D        | Reached skill level 10 in Shields
   485 | D        | Reached XP level 7. HP: 3/73 MP: 8/11
   485 | D        | Reached XP level 8. HP: 4/80 MP: 8/12
   833 | D        | Reached ***** piety under Qazlal
   898 | D        | Noticed a smoke demon
   898 | D        | Noticed a hellwing
   924 | D        | Killed a hellwing
   927 | D        | Killed a smoke demon
   927 | D        | Reached XP level 9. HP: 39/89 MP: 12/14
  1245 | D        | Noticed a manticore
  1247 | D        | Noticed an orange demon
  1250 | D        | Killed a manticore
  1253 | D        | Killed an orange demon
  1253 | D        | Reached ****** piety under Qazlal
  1258 | D        | Killed an unseen horror
  1262 | D        | Noticed a deep troll
  1263 | D        | Noticed a kobold demonologist
  1273 | D        | Reached XP level 10. HP: 61/101 MP: 16/16
  1276 | D        | Reached skill level 10 in Invocations
  1276 | D        | Killed a deep troll
  1276 | D        | Killed an unseen horror
  1497 | D        | Noticed a deep troll
  1497 | D        | Noticed a flayed ghost
  1508 | D        | Killed a deep troll
  1513 | D        | Killed a flayed ghost
  1638 | D        | Noticed a merfolk aquamancer
  1643 | D        | Noticed a profane servitor
  1644 | D        | Reached XP level 11. HP: 68/111 MP: 10/18
  1644 | D        | Killed a merfolk aquamancer
  1654 | D        | Noticed a centaur warrior
  1662 | D        | Killed a profane servitor
  1662 | D        | Reached skill level 15 in Fighting
  1662 | D        | Reached skill level 15 in Axes
  1662 | D        | Reached skill level 15 in Armour
  1662 | D        | Reached skill level 15 in Shields
  1669 | D        | Killed a centaur warrior
  2194 | D        | Noticed a flayed ghost
  2206 | D        | Killed a flayed ghost
  2220 | D        | Noticed a deep elf mage
  2227 | D        | Killed a deep elf mage
  2227 | D        | Reached XP level 12. HP: 94/123 MP: 20/20
  2298 | D        | Noticed a frost giant
  2308 | D        | Killed a frost giant
  2314 | D        | Noticed an orc high priest
  2325 | D        | Killed an orc high priest
  2477 | D        | Noticed a yaktaur captain
  2477 | D        | Noticed an orc warlord
  2477 | D        | Noticed an orc warlord
  2477 | D        | Noticed a deep elf demonologist
  2478 | D        | Reached skill level 1 in Dodging
  2478 | D        | Reached skill level 1 in Unarmed Combat
  2479 | D        | Noticed a fire dragon
  2479 | D        | Noticed a yellow draconian
  2480 | D        | Killed an orc warlord
  2480 | D        | Reached skill level 5 in Dodging
  2480 | D        | Reached skill level 5 in Unarmed Combat
  2480 | D        | Killed a yaktaur captain
  2480 | D        | Killed an orc warlord
  2480 | D        | Reached XP level 13. HP: 128/134 MP: 7/23
  2488 | D        | Noticed a reaper
  2489 | D        | Killed a deep elf demonologist
  2489 | D        | Reached skill level 15 in Invocations
  2496 | D        | Killed a fire dragon
  2566 | D        | Killed a yellow draconian
  2752 | D        | Found the +11 plutonium sword {*Contam Stlth-}
  2928 | D        | Noticed an emperor scorpion
  2928 | D        | Noticed a fire giant
  2930 | D        | Noticed a cacodemon
  2934 | D        | Reached skill level 1 in Evocations
  2934 | D        | Killed a cacodemon
  2934 | D        | Reached skill level 10 in Unarmed Combat
  2937 | D        | Killed an emperor scorpion
  2937 | D        | Reached skill level 10 in Dodging
  2950 | D        | Killed a fire giant
  2965 | D        | Found the +8 storm bow {elec}
  3003 | D        | Noticed a deep elf death mage
  3009 | D        | Noticed a frost giant
  3010 | D        | Found the +10 Black Knight's horse barding {ponderous,
                  | rPois rN+}
  3014 | D        | Killed a frost giant
  3020 | D        | Killed a deep elf death mage
  3023 | D        | Killed a ghostly deep elf death mage
  3028 | D        | Reached XP level 14. HP: 138/147 MP: 25/25
  3045 | D        | Noticed a deep elf master archer
  3051 | D        | Killed a ghost moth
  3051 | D        | Reached skill level 5 in Evocations
  3058 | D        | Noticed Rupert
  3079 | D        | Killed Rupert
  3082 | D        | Killed a deep elf master archer
  3084 | D        | Paralysed by a great orb of eyes for 2 turns
  3228 | D        | Noticed a war gargoyle
  3235 | D        | Noticed a fire giant
  3239 | D        | Noticed a frost giant
  3245 | D        | Killed a war gargoyle
  3245 | D        | Noticed Nessos
  3252 | D        | Killed Nessos
  3254 | D        | Killed a fire giant
  3255 | D        | Killed a frost giant
  3260 | D        | Identified the ring "Ovvub" {rF+ MP+9 Str+3 Dex+2}
  3272 | D        | Noticed a frost giant
  3274 | D        | Noticed a profane servitor
  3291 | D        | Killed a ghost moth
  3291 | D        | Reached skill level 1 in Spellcasting
  3299 | D        | Killed a frost giant
  3304 | D        | Killed a profane servitor
  3304 | D        | Reached XP level 15. HP: 85/158 MP: 17/26
  3435 | D        | Noticed a bone dragon
  3441 | D        | Noticed a Killer Klown
  3449 | D        | Noticed Boris
  3461 | D        | Killed a bone dragon
  3471 | D        | Noticed a deep elf master archer
  3471 | D        | Identified the +1 robe of the Illusory Beds {rC++ rN++
                  | Dex+4}
  3474 | D        | Killed Boris
  3474 | D        | Reached skill level 10 in Evocations
  3484 | D        | Killed a Killer Klown
  3486 | D        | Reached skill level 15 in Dodging
  3486 | D        | Reached skill level 15 in Unarmed Combat
  3491 | D        | Killed a deep elf master archer
  3491 | D        | Reached skill level 5 in Spellcasting
  3518 | D        | Noticed a death cob
  3530 | D        | Killed a death cob
  3540 | D        | Noticed a shadow dragon
  3544 | D        | Noticed a deep elf master archer
  3561 | D        | Killed a shadow dragon
  3574 | D        | Killed a deep elf master archer
  3909 | D        | Got the +0 large shield of Shadows and Fog {-Tele rPois
                  | rN+++ MP+9}
  3996 | D        | Noticed Louise
  3997 | D        | Reached XP level 16. HP: 171/171 MP: 28/28
  3997 | D        | Killed Louise
  4057 | D        | Got a silver rune of Zot
  4206 | D        | Noticed an Executioner
  4318 | D        | Got the ring "Biprogh" {*Corrode rC+++ rN+++ Str+6 Dex-5}
  4320 | D        | Got the ring "Dop Hot" {rF+ rC+ Str+4}
  4327 | D        | Got the ring "Amoxt" {Wiz Int+5}
  4329 | D        | Got the ring "Roiceq" {rF+ AC+6}
  4342 | D        | Got the amulet "Halig" {Reflect rElec SH+3}
  4344 | D        | Got the amulet "Vionayfu" {Reflect +Fly rC+ Str+4 SH+6}
  4433 | D        | Noticed a tentacled monstrosity
  4433 | D        | Noticed a lich
  4436 | D        | Noticed a golden dragon
  4440 | D        | Killed a tentacled monstrosity
  4440 | D        | Reached skill level 15 in Evocations
  4440 | D        | Paralysed by a lich for 3 turns
  4450 | D        | Reached XP level 17. HP: 128/184 MP: 30/30
  4451 | D        | Killed a lich
  4464 | D        | Killed a golden dragon
  4858 | D        | Noticed an orb of fire
  4865 | D        | Gained mutation: You tend to lose your temper in combat.
                  | [an orb of fire]
  4878 | D        | Gained mutation: Your magical capacity is low. (-10% MP)
                  | [an orb of fire]
  4885 | D        | Killed an orb of fire
  4887 | D        | Lost mutation: You tend to lose your temper in combat.
                  | [potion of mutation]
  4887 | D        | Lost mutation: Your magical capacity is low. (-10% MP)
                  | [potion of mutation]
  4887 | D        | Gained mutation: You are agile. (Dex +2) [potion of
                  | mutation]
  4887 | D        | Gained mutation: Your natural rate of healing is unusually
                  | fast. [potion of mutation]
  4938 | D        | Noticed a Brimstone Fiend
  4947 | D        | Killed a Brimstone Fiend
  5007 | D        | Noticed a pearl dragon
  5014 | D        | Killed a pearl dragon
  5066 | D        | Noticed a hellephant
  5081 | D        | Killed a hellephant
  5088 | D        | Noticed a Hell Sentinel
  5088 | D        | Noticed a hellephant
  5090 | D        | Killed a hellephant
  5095 | D        | Killed a Hell Sentinel
  5165 | D        | Noticed an ancient lich
  5189 | D        | Killed an ancient lich
  5240 | D        | Noticed Mennas
  5269 | D        | Killed Mennas
  5271 | D        | Noticed a golden dragon
  5275 | D        | Killed a golden dragon
  5278 | D        | Noticed a greater mummy
  5290 | D        | Killed a greater mummy
  5290 | D        | Reached skill level 27 in Fighting
  5290 | D        | Reached skill level 27 in Armour
  5294 | D        | Noticed an electric golem
  5308 | D        | Killed an electric golem
  5308 | D        | Reached XP level 18. HP: 184/200 MP: 32/32
  5332 | D        | Noticed Zeplolorr the pandemonium lord
  5345 | D        | Killed Zeplolorr the pandemonium lord
  5365 | D        | Noticed a Brimstone Fiend
  5376 | D        | Killed a Brimstone Fiend
  5378 | D        | Noticed a greater mummy
  5392 | D        | Killed a greater mummy
  5627 | D        | Noticed a pearl dragon
  5638 | D        | Killed a pearl dragon
  5642 | D        | Noticed a Killer Klown
  5650 | D        | Killed a Killer Klown
  5654 | D        | Noticed a greater mummy
  5660 | D        | Killed a greater mummy
  5678 | D        | Noticed Mara
  5678 | D        | Identified the +4 dragonskin cloak
  5678 | D        | Noticed Tiamat
  5682 | D        | Noticed nuthulu's illusion
  5687 | D        | Killed Mara
  5724 | D        | Killed Tiamat
  5743 | D        | Noticed a greater mummy
  5749 | D        | Killed a greater mummy
  5932 | D        | Noticed a Brimstone Fiend
  5943 | D        | Killed a Brimstone Fiend
  5950 | D        | Noticed an Ice Fiend
  5950 | D        | Noticed Wawnimm the pandemonium lord
  5970 | D        | Killed Wawnimm the pandemonium lord
  5973 | D        | Killed an Ice Fiend
  6077 | D        | Noticed an electric golem
  6077 | D        | Noticed a lich
  6081 | D        | Noticed an ancient lich
  6083 | D        | Killed a lich
  6087 | D        | Killed an ancient lich
  6087 | D        | Reached XP level 19. HP: 189/207 MP: 34/34
  6095 | D        | Killed an electric golem
  6100 | D        | Noticed an electric golem
  6100 | D        | Noticed a pearl dragon
  6108 | D        | Killed an electric golem
  6111 | D        | Killed a pearl dragon
  6113 | D        | Noticed the Royal Jelly
  6134 | D        | Noticed a greater mummy
  6152 | D        | Killed the Royal Jelly
  6152 | D        | Reached skill level 27 in Shields
  6153 | D        | Killed a greater mummy
  6154 | D        | Noticed a Tzitzimitl
  6154 | D        | Noticed a greater mummy
  6155 | D        | Killed a Tzitzimitl
  6156 | D        | Killed a greater mummy
  6360 | D        | Found the +7 lajatang of Order {silver, rMut}
  6361 | D        | Got the ring "Paokirun" {+Fly rElec rC- AC-2 Dex+4}
  6363 | D        | Got the amulet "Nidiamuo" {Gourm rF++ rC- SInv}
  6384 | D        | Got the ring of Kowuy {rElec rF+ Int-3}
  6390 | D        | Got an iron rune of Zot
  6526 | D        | Noticed a Brimstone Fiend
  6529 | D        | Noticed Yfivvuh the pandemonium lord
  6538 | D        | Killed a Brimstone Fiend
  6538 | D        | Reached skill level 27 in Invocations
  6541 | D        | Killed Yfivvuh the pandemonium lord
  6545 | D        | Noticed Dissolution
  6551 | D        | Killed Dissolution
  6551 | D        | Reached skill level 27 in Dodging
  6642 | D        | Noticed a pearl dragon
  6649 | D        | Killed a pearl dragon
  6654 | D        | Reached skill level 27 in Axes
  6662 | D        | Got the +9 broad axe of the Special Lovers {antimagic,
                  | *Drain rN+ Dex+3}
  6817 | D        | Noticed a Tzitzimitl
  6825 | D        | Killed a Tzitzimitl
  6825 | D        | Reached XP level 20. HP: 216/216 MP: 15/36
  6845 | D        | Noticed a pearl dragon
  6851 | D        | Noticed Wousenarch the pandemonium lord
  6864 | D        | Killed a pearl dragon
  6864 | D        | Reached skill level 27 in Unarmed Combat
  6865 | D        | Killed Wousenarch the pandemonium lord
  6865 | D        | Noticed the 27-headed Lernaean hydra
  6871 | D        | Killed the 27-headed Lernaean hydra
  6871 | D        | Reached skill level 27 in Evocations
  6871 | D        | Reached skill level 1 in Stealth
  6871 | D        | Reached skill level 1 in Conjurations
  6949 | D        | Reached skill level 5 in Conjurations
  6969 | D        | Reached skill level 5 in Stealth
  7100 | D        | Reached skill level 10 in Throwing
  7127 | D        | Noticed Frederick
  7166 | D        | Killed Frederick
  7166 | D        | Reached skill level 10 in Conjurations
  7349 | D        | Reached skill level 10 in Stealth
  7349 | D        | Reached skill level 10 in Spellcasting
  7349 | D        | Reached skill level 15 in Throwing
  7349 | D        | Reached XP level 21. HP: 224/224 MP: 15/37
  7360 | D        | Reached skill level 15 in Stealth
  7361 | D        | Identified the ring "Adizac" {Wiz rF++ Str+2 Slay-4 Stlth+}
  7362 | D        | Reached skill level 15 in Spellcasting
  7384 | D        | Got a golden rune of Zot
  7532 | D        | Noticed Murray
  7543 | D        | Noticed a greater mummy
  7543 | D        | Noticed Margery
  7544 | D        | Reached XP level 22. HP: 85/233 MP: 10/42
  7544 | D        | Killed Margery
  7544 | D        | Killed Murray
  7544 | D        | Killed a greater mummy
  7548 | D        | Noticed Jory
  7557 | D        | Killed Jory
  7744 | D        | Noticed an ancient lich
  7765 | D        | Killed an ancient lich
  7769 | D        | Noticed a curse toe
  7779 | D        | Killed a curse toe
  7780 | D        | Noticed a golden dragon
  7787 | D        | Identified the +4 staff of Dispater
  7787 | D        | Noticed Dispater
  7787 | D        | Noticed an ancient lich
  7789 | D        | Noticed a curse toe
  7792 | D        | Killed a curse toe
  7792 | D        | Killed a golden dragon
  7792 | D        | Killed an ancient lich
  7827 | D        | Noticed Nikola
  7841 | D        | Killed Dispater
  7841 | D        | Reached skill level 27 in Throwing
  7842 | D        | Killed Nikola
  8012 | D        | Noticed Ignacio
  8027 | D        | Killed Ignacio
  8055 | D        | Noticed Ahohidoe the pandemonium lord
  8077 | D        | Killed Ahohidoe the pandemonium lord
  8120 | D        | Reached skill level 27 in Stealth
  8149 | D        | Noticed an ancient lich
  8149 | D        | Noticed a Killer Klown
  8166 | D        | Killed an ancient lich
  8169 | D        | Killed a Killer Klown
  8169 | D        | Reached XP level 23. HP: 92/240 MP: 11/49
  8350 | D        | Reached skill level 27 in Spellcasting
  8375 | D        | Got the Orb of Zot
  8392 | D        | Noticed Ogir the pandemonium lord
  8414 | D        | Killed Ogir the pandemonium lord
  8491 | D        | Noticed Nydwal the pandemonium lord
  8495 | D        | Killed Nydwal the pandemonium lord
  8515 | D        | Escaped with the Orb!

Skill      XL: |  1  2  3  4  5  6  7  8  9 10 11 12 13 14 15 16 17 18 19 20 21 22 23 |
---------------+----------------------------------------------------------------------+-----
Fighting       | 6 7 8 10 11 13 14 16 18 19 21 22 24 27 | 27.0
Axes           | 5 6 7 10 11 12 14 16 17 19 22 27 | 27.0
Armour         | 6 7 8 10 11 13 14 16 18 19 21 22 24 27 | 27.0
Shields        | 6 7 8 10 11 13 14 16 17 20 23 26 27 | 27.0
Invocations    | 2 4 6 8 9 11 13 14 16 17 19 21 23 25 27 | 27.0
Dodging        | 6 10 13 16 19 22 24 27 | 27.0
Unarmed Combat | 6 11 13 16 17 21 25 27 | 27.0
Evocations     | 4 9 12 15 17 20 23 27 | 27.0
Spellcasting   | 2 6 11 17 23 27 | 27.0
Throwing       | 16 23 27 | 27.0
Stealth        | 12 21 27 | 27.0
Conjurations   | 13 14 | 14.3

Action                   |  1- 3 |  4- 6 |  7- 9 | 10-12 | 13-15 | 16-18 | 19-21 | 22-24 || total
-------------------------+-------+-------+-------+-------+-------+-------+-------+-------++-------
Melee: War axe           |     1 |    65 |    69 |   134 |    58 |       |       |       ||   327
       Headbutt          |     1 |    19 |    21 |    45 |   114 |   113 |    90 |    91 ||   494
       Broad axe         |       |       |       |       |   291 |   377 |   251 |   255 ||  1174
Invok: Disaster Area     |       |       |       |     5 |     7 |     6 |    13 |     7 ||    38
       Upheaval          |       |       |       |     1 |       |       |       |       ||     1
       Elemental Force   |       |       |       |       |     2 |       |       |       ||     2
  Use: Potion            |       |       |     1 |     8 |     8 |     5 |     8 |    15 ||    45
       Scroll            |       |       |       |       |     5 |       |     1 |     2 ||     8
 Stab: Petrified         |       |       |       |       |     6 |       |       |       ||     6
       Distracted        |       |       |       |       |     1 |       |       |       ||     1
  Eat: Ration            |       |       |     1 |     1 |     1 |     2 |     2 |     1 ||     8
       Chunk             |       |       |       |       |       |     1 |       |       ||     1
Armor: Scale mail        |       |     7 |       |       |       |       |       |       ||     7
       Chain mail        |       |    13 |    32 |    49 |     5 |       |       |       ||    99
       Gold dragon scale |       |       |       |       |   189 |   117 |    94 |    56 ||   456
Dodge: Dodged            |       |     9 |    17 |    29 |    99 |    82 |   103 |    49 ||   388
       Deflected         |       |       |     1 |     2 |     9 |     9 |     4 |     3 ||    28
Block: Shield            |       |    37 |    72 |   136 |   297 |       |       |       ||   542
       Large shield      |       |       |       |       |    54 |   457 |   409 |   302 ||  1222
       Other             |       |       |       |       |     6 |       |       |       ||     6
       Reflection        |       |       |       |       |       |     5 |     7 |     2 ||    14
